Map: [TLMC15] Glittering Ashes

Players

Zest

  • Race: Protoss Protoss

TIME (Oliveira) - Winner!

  • Race: Terran Terran

Event: DreamHack SC2 Masters Last Chance 2022

VOD

Have the link to the VOD?

Description

Time

  • Played on: Jan. 11, 2022, 9:22 a.m.
  • Length: 11:07

All games in this series

Show
View Real Time Build Order
Export as new Build Order

Zest Protoss 

Build Orders: 1 Gate Expand, Oracle Opening 

Get SALT Encoding   

  12  0:00  Probe  
  13  0:12  Probe  
  14  0:18  Pylon  
  14  0:24  Probe (Chrono Boost)  
  15  0:36  Probe (Chrono Boost)  
  15  0:37  Gateway  
  16  0:45  Assimilator, Probe (Chrono Boost)  
  17  0:51  Probe  
  18  1:03  Probe  
  19  1:15  Probe  
  20  1:24  Cybernetics Core  
  20  1:32  Nexus  
  20  1:36  Probe  
  21  1:44  Pylon  
  21  1:48  Probe  
  22  1:54  Assimilator  
  22  1:59  Stalker (Chrono Boost)  
  22  2:04  Probe  
  25  2:15  Shield Battery  
  25  2:16  Probe  
  25  2:19  Stalker (Chrono Boost)  
  28  2:28  Pylon  
  28  2:31  Probe  
  29  2:39  Stargate  
  29  2:46  Probe x2  
  31  2:58  Probe  
  32  3:00  Probe, Shield Battery  
  33  3:10  Probe  
  34  3:16  Probe  
  34  3:18  Shield Battery  
  35  3:22  Probe  
  36  3:28  Probe  
  36  3:29  Oracle (Chrono Boost)  
  36  3:32  Warp Gate  
  40  3:34  Probe  
  40  3:38  Twilight Council  
  40  3:40  Probe  
  42  3:46  Probe  
  43  3:52  Probe  
  44  3:58  Probe  
  45  4:04  Probe  
  45  4:07  Blink (Chrono Boost)  
  45  4:08  Nexus  
  46  4:10  Probe  
  46  4:11  Assimilator  
  46  4:16  Probe  
  48  4:23  Probe  
  49  4:28  Probe  
  50  4:35  Probe  
  48  4:40  Assimilator  
  48  4:41  Probe, Sentry  
  48  4:42  Gateway  
  48  4:43  Gateway  
  48  4:44  Gateway  
  51  4:46  Forge  
  51  4:47  Probe  
  52  4:53  Probe  
  52  4:59  Probe, Pylon  
  54  5:05  Pylon  
  54  5:17  Probe x2  
  54  5:19  Shield Battery  
  56  5:21  Sentry  
  56  5:22  Probe  
  56  5:26  Shield Battery  
  59  5:29  Probe x2  
  61  5:42  Stalker  
  62  5:43  Stalker x2  
  60  5:51  Stalker  
  55  5:57  Probe  
  55  5:58  Protoss Ground Weapons Level 1  
  55  6:00  Probe  
  55  6:05  Charge (Chrono Boost)  
  55  6:06  Probe (Chrono Boost)  
  55  6:09  Dark Shrine  
  57  6:12  Probe (Chrono Boost)  
  57  6:13  Probe (Chrono Boost)  
  57  6:14  Pylon  
  57  6:15  Pylon  
  57  6:18  Probe (Chrono Boost)  
  59  6:19  Stalker x3  
  59  6:24  Probe (Chrono Boost), Pylon  
  67  6:26  Probe x2 (Chrono Boost)  
  67  6:29  Probe (Chrono Boost)  
  67  6:32  Gateway, Probe  
  69  6:33  Probe  
  69  6:39  Gateway x2  
  71  6:41  Gateway  
  71  6:42  Probe  
  71  6:46  Probe  
  73  6:48  Probe  
  73  6:49  Pylon  
  74  6:55  Pylon  
  74  6:56  Gateway  
  74  6:58  Probe  
  75  7:08  Stalker x4  
  83  7:12  Pylon  
  83  7:14  Shield Battery  
  83  7:21  Gateway  
  83  7:22  Gateway  
  83  7:24  Shadow Stride  
  83  7:25  Probe x2  
  83  7:26  Probe  
  86  7:35  Dark Templar x4  
  92  7:47  Zealot x4  
  92  7:50  Zealot  
  76  8:10  Zealot x7  
  88  8:16  Probe x3  
  89  8:28  Probe x2, Protoss Ground Weapons Level 2 (Chrono Boost)  
  89  8:29  Probe  
  92  8:40  Probe x2  
  92  8:41  Probe  
  95  8:48  Pylon  
  95  8:51  Nexus  
  95  8:52  Probe  
  96  8:57  Pylon  
  96  8:59  Dark Templar  
  96  9:02  Sentry  
  100  9:04  Pylon  
  96  9:17  Dark Templar x5  
  96  9:22  Assimilator  
  96  9:23  Assimilator  
  104  9:24  Probe x2  
  104  9:25  Probe  
  104  9:29  Robotics Facility  
  108  9:38  Probe  
  106  9:51  Zealot x3, Dark Templar x4  
  116  10:02  Zealot  
  116  10:06  Archon  
  106  10:10  Zealot x2  
  80  10:16  Zealot x3  
  79  10:21  Observer  
  79  10:26  Zealot x5  
  79  10:34  Pylon  
  70  10:40  Zealot x5  
  68  10:48  Dark Templar x2  
  68  10:49  Dark Templar  
Show
View Real Time Build Order
Export as new Build Order

TIME Terran - Winner!

Build Orders: Reaper Expand 

Get SALT Encoding   

  12  0:00  SCV  
  13  0:12  SCV  
  14  0:17  Supply Depot  
  14  0:24  SCV  
  15  0:38  SCV  
  15  0:39  Barracks  
  16  0:44  Refinery  
  16  0:50  SCV  
  17  1:03  SCV  
  18  1:15  SCV  
  19  1:27  Reaper, Orbital Command  
  20  1:44  Command Center  
  20  1:53  Bunker  
  20  1:55  SCV  
  20  2:00  Reaper  
  22  2:05  Supply Depot  
  22  2:10  SCV  
  23  2:29  SCV  
  24  2:32  Barracks Reactor  
  24  2:36  Barracks  
  24  2:39  Barracks  
  24  2:41  SCV  
  25  2:53  SCV  
  26  2:58  Orbital Command  
  27  3:05  SCV  
  27  3:09  Marine x2  
  29  3:17  SCV  
  29  3:25  SCV  
  29  3:26  Barracks Tech Lab x2  
  29  3:29  SCV, Marine  
  29  3:30  Marine  
  32  3:37  SCV  
  33  3:42  SCV, Bunker  
  33  3:45  Stimpack, Combat Shield, Marine x2  
  33  3:47  Marine x2  
  37  3:49  SCV  
  37  3:51  Supply Depot  
  37  3:54  SCV  
  39  4:02  SCV  
  40  4:03  Marine  
  40  4:05  Marine x2  
  40  4:06  SCV, Marine  
  45  4:16  SCV, Command Center  
  46  4:20  SCV, Marine  
  46  4:22  Supply Depot  
  46  4:23  Marine  
  49  4:26  Supply Depot, Marine x2  
  49  4:29  SCV  
  51  4:33  SCV  
  51  4:40  Marauder  
  51  4:41  Engineering Bay  
  51  4:42  SCV  
  51  4:45  SCV  
  55  4:46  Marine  
  55  4:47  Marine  
  55  4:48  Marine  
  58  4:54  SCV, Refinery  
  58  4:58  Factory  
  58  4:59  Refinery  
  59  5:01  SCV  
  59  5:03  Marine  
  59  5:04  Marine  
  59  5:06  SCV  
  63  5:09  Terran Infantry Weapons Level 1  
  63  5:10  Missile Turret  
  63  5:12  Marine x2  
  65  5:15  SCV  
  65  5:18  SCV  
  65  5:20  Marine  
  68  5:27  SCV  
  69  5:30  SCV  
  69  5:32  Marauder  
  69  5:35  Orbital Command  
  72  5:36  Supply Depot, Concussive Shells  
  72  5:39  Marauder, SCV  
  74  5:43  SCV  
  74  5:51  SCV, Marine  
  74  5:53  Marauder  
  70  5:58  Marine  
  70  6:00  Marauder  
  70  6:02  Starport, Factory Reactor  
  68  6:05  Orbital Command  
  68  6:06  SCV x2  
  68  6:08  Refinery, Marine  
  69  6:15  Marauder  
  69  6:16  Barracks  
  69  6:17  Barracks  
  69  6:18  SCV x2  
  73  6:20  Marine  
  73  6:22  Marauder  
  73  6:24  Supply Depot  
  76  6:30  SCV x2, Marine  
  76  6:31  SCV  
  80  6:36  Marauder  
  80  6:38  Marine  
  83  6:42  SCV x2  
  83  6:43  SCV  
  83  6:46  Marauder  
  86  6:47  Supply Depot, Medivac x2  
  86  6:51  Supply Depot, Factory Reactor  
  90  6:54  SCV x2  
  90  6:55  SCV  
  90  6:57  Supply Depot  
  90  6:59  Marine x2  
  90  7:01  Marauder  
  95  7:04  Barracks Reactor  
  95  7:06  Barracks Tech Lab, SCV x2  
  95  7:07  SCV  
  98  7:10  Terran Infantry Armor Level 1  
  98  7:12  Supply Depot  
  98  7:13  Marauder  
  100  7:18  SCV, Armory  
  100  7:19  SCV, Engineering Bay, Marine  
  100  7:22  Marauder, Marine  
  106  7:24  SCV  
  106  7:26  Missile Turret  
  106  7:28  Missile Turret  
  107  7:30  Marauder, SCV  
  107  7:31  SCV  
  107  7:36  SCV  
  107  7:37  Marauder, Marine  
  112  7:43  Marauder, SCV x2  
  113  7:46  Marine x2  
  113  7:48  SCV  
  109  7:52  Marauder  
  109  7:54  Marine  
  109  7:55  SCV x2, Marine  
  109  7:58  Marauder  
  95  8:01  SCV  
  95  8:04  Marine x2  
  95  8:05  Marauder  
  89  8:07  SCV x2  
  89  8:11  Marine  
  89  8:12  Medivac x2, Marine  
  89  8:13  Marauder  
  89  8:15  Widow Mine x2  
  93  8:20  Marine  
  93  8:21  Marine  
  93  8:22  Terran Infantry Weapons Level 2  
  94  8:27  Marine  
  94  8:29  Marauder  
  94  8:33  Marine  
  98  8:34  Supply Depot  
  98  8:35  Orbital Command  
  98  8:37  Marauder  
  98  8:39  Marine  
  100  8:42  Marine x2  
  100  8:45  Marine  
  100  8:46  Medivac  
  103  8:52  Medivac  
  105  8:56  Marauder, Marine  
  105  8:59  Missile Turret  
  105  9:00  SCV x3  
  111  9:03  Marine  
  111  9:08  Widow Mine x2  
  111  9:09  Marine  
  117  9:12  Marauder, SCV  
  117  9:14  Marauder  
  117  9:15  Supply Depot  
  122  9:19  Medivac  
  124  9:24  Marine  
  124  9:26  Supply Depot  
  125  9:37  Marauder x2, Marine x2  
  125  9:38  Supply Depot, SCV  
  132  9:43  Marine  
  133  9:47  Marine  
  133  9:48  Marauder  
  133  9:51  Supply Depot x2  
  136  9:56  Marine  
  136  9:59  Marauder x2, Marine  
  130  10:07  Marine x2  
  130  10:09  Marauder  
  130  10:14  Marine  
  124  10:15  Medivac x2  
  124  10:16  SCV x2  
  124  10:20  Marauder x2  
  124  10:21  Marine  
  132  10:22  Widow Mine  
  132  10:25  Marine x2  
  132  10:28  SCV  
  134  10:31  Marauder  
  134  10:32  Marine  
  133  10:36  SCV x2  
  133  10:39  Marine  
  133  10:41  Marauder x2  
  132  10:43  Marine x2  

Tags
 
Add a new tag
Caveats
  • Supply blocks, unpowered buildings, or Contaminate may cause inaccurate times.
  • Supply counts are checked every 10 seconds.